[Event "Israel Youth-ch U12 2025"]
[Site "Rishon Le Zion"]
[Date "2025.04.10"]
[Round "8.1"]
[White "Belkovsky, Guy"]
[Black "Sason, Noam"]
[Result "1/2-1/2"]
[Annotator "NA"]
[ECO "B76"]
[WhiteElo "2067"]
[BlackElo "2075"]
[PlyCount "75"]
[EventDate "2025.04.03"]
[EventType "swiss"]
[EventCountry "ISR"]
[SourceTitle "playchess.com"]
[Source "ChessBase"]
[SourceQuality "1"]
[TimeControl "5400+30"]

1. e4 c5 2. Nf3 d6 3. d4 cxd4 4. Nxd4 Nf6 5. Nc3 g6 6. Be3 Bg7 7. f3 Nc6 8. Qd2 O-O 9. O-O-O d5 10. exd5 Nxd5 11. Nxc6 bxc6 12. Bd4 e5 13. Bc5 Be6 14. Ne4 Re8 15. h4 Nf4 16. g3 Qxd2+ 17. Rxd2 Nd5 18. g4 h5 19. g5 Red8 20. a4 a5 21. Bc4 Bf8 22. Rhd1 Bxc5 23. Nxc5 Rf8 24. Bxd5 cxd5 25. Re1 Rac8 26. Nxe6 fxe6 27. Rxe5 Rc6 28. Rde2 Kf7 29. b3 Rb8 30. R5e3 Rb4 31. Rh2 Rf4 32. Kd2 Ke7 33. Rh3 Kd6 34. Rh2 Rd4+ 35. Rd3 Rf4 36. Re3 Rd4+ 37. Rd3 Rf4 38. Re3 1/2-1/2

[Event "Israel Youth-ch U12 2025"]
[Site "Rishon Le Zion"]
[Date "2025.04.10"]
[Round "8.2"]
[White "Gurevich, Neria"]
[Black "Triger, Eitan"]
[Result "0-1"]
[Annotator "NA"]
[ECO "E07"]
[WhiteElo "2048"]
[BlackElo "1978"]
[PlyCount "156"]
[EventDate "2025.04.03"]
[EventType "swiss"]
[EventCountry "ISR"]
[SourceTitle "playchess.com"]
[Source "ChessBase"]
[SourceQuality "1"]
[TimeControl "5400+30"]

1. d4 d5 2. c4 c6 3. Nf3 Nf6 4. g3 e6 5. Bg2 Be7 6. O-O O-O 7. Nc3 Nbd7 8. Nd2 a5 9. e4 dxc4 10. Nxc4 b5 11. Ne3 Nb6 12. Ne2 Ba6 13. Qc2 b4 14. Rd1 Rc8 15. b3 Nfd7 16. Nf4 c5 17. d5 e5 18. Ne6 fxe6 19. dxe6 Qe8 20. exd7 Nxd7 21. Bb2 c4 22. Bh3 Rc7 23. Be6+ Kh8 24. Bxc4 Bxc4 25. Nxc4 a4 26. Qe2 Bc5 27. Rf1 a3 28. Bc1 Bd4 29. Rb1 Qg6 30. Bd2 Rb7 31. Qe1 Nc5 32. Be3 Nxe4 33. Rd1 Bc3 34. Qe2 h6 35. f3 Nf6 36. Bc5 Rc8 37. Nd6 Rxc5 38. Nxb7 Rc7 39. Nd6 Bd4+ 40. Kh1 Nd5 41. Ne4 Ne3 42. Rc1 Rf7 43. Rfe1 Qf5 44. Rc6 Qxf3+ 45. Qxf3 Rxf3 46. Rc8+ Kh7 47. Rb8 Nd5 48. Kg2 Rd3 49. h4 Nc3 50. Rxb4 Nxa2 51. Rb7 Nc3 52. Nf6+ Kg6 53. Ne8 e4 54. Rb8 Rxg3+ 55. Kh1 a2 56. Ra8 e3 57. Ra6+ Kh7 58. Nd6 Rg6 59. h5 Rf6 60. b4 e2 61. Kg2 Rf2+ 62. Kh3 Rf1 63. Rxe2 Nxe2 64. Rxa2 Nf4+ 65. Kg4 Ne6 66. Re2 Ng5 67. b5 Rb1 68. Kf5 Bc5 69. Ne8 Rxb5 70. Re5 Ra5 71. Kg4 Bb4 72. Re2 Ra4 73. Kf5 Bc3 74. Re7 Kg8 75. Rc7 Ra5+ 76. Kg6 Ne6 77. Nf6+ Bxf6 78. Rc8+ Nf8+ 0-1

[Event "Israel Youth-ch U12 2025"]
[Site "Rishon Le Zion"]
[Date "2025.04.10"]
[Round "8.3"]
[White "Eshkol, Idan"]
[Black "Cohen, Israel"]
[Result "0-1"]
[Annotator "NA"]
[ECO "C01"]
[WhiteElo "1852"]
[BlackElo "1879"]
[PlyCount "56"]
[EventDate "2025.04.03"]
[EventType "swiss"]
[EventCountry "ISR"]
[SourceTitle "playchess.com"]
[Source "ChessBase"]
[SourceQuality "1"]
[TimeControl "5400+30"]

1. e4 e6 2. d4 d5 3. exd5 exd5 4. Bd3 Nc6 5. Nf3 Bg4 6. c3 Bd6 7. O-O Qd7 8. Nbd2 O-O-O 9. b4 h5 10. b5 Nce7 11. Qa4 Kb8 12. Ba3 f6 13. Bc5 Nc8 14. Rfb1 g5 15. Rb3 Nge7 16. Ra3 b6 17. Bxd6 Qxd6 18. c4 dxc4 19. Be4 Bxf3 20. Nxf3 g4 21. Qa6 c6 22. bxc6 Nxc6 23. Ne1 Rhe8 24. Re3 f5 25. Bxf5 Qxd4 26. Rxe8 Rxe8 27. Nc2 Qxa1+ 28. Nxa1 Re1# 0-1

[Event "Israel Youth-ch U12 2025"]
[Site "Rishon Le Zion"]
[Date "2025.04.10"]
[Round "8.4"]
[White "Chalopoviz, Ilay"]
[Black "Hochman, Gur"]
[Result "1/2-1/2"]
[Annotator "NA"]
[ECO "C18"]
[WhiteElo "1633"]
[BlackElo "1908"]
[PlyCount "68"]
[EventDate "2025.04.03"]
[EventType "swiss"]
[EventCountry "ISR"]
[SourceTitle "playchess.com"]
[Source "ChessBase"]
[SourceQuality "1"]
[TimeControl "5400+30"]

1. e4 e6 2. d4 d5 3. Nc3 Bb4 4. e5 c5 5. a3 Bxc3+ 6. bxc3 Qa5 7. Bd2 Qa4 8. Qg4 g6 9. h4 h6 10. h5 g5 11. f4 f5 12. exf6 Nxf6 13. Qg3 Ne4 14. Qe3 cxd4 15. Qxd4 Qxd4 16. cxd4 Nxd2 17. Kxd2 gxf4 18. Rh4 Rg8 19. Nh3 f3 20. gxf3 Nc6 21. Bb5 Rg2+ 22. Kc3 Rh2 23. Re1 e5 24. Rxe5+ Kd8 25. Rxd5+ Kc7 26. Bf1 Be6 27. Rc5 b6 28. Rb5 a6 29. Rb1 Bf5 30. Rc1 Rh1 31. Kd2 Rg8 32. Ke3 b5 33. Kf2 Rh2+ 34. Ke3 Rh1 1/2-1/2

[Event "Israel Youth-ch U12 2025"]
[Site "Rishon Le Zion"]
[Date "2025.04.11"]
[Round "9.1"]
[White "Sason, Noam"]
[Black "Triger, Eitan"]
[Result "1-0"]
[Annotator "NA"]
[ECO "C77"]
[WhiteElo "2075"]
[BlackElo "1978"]
[PlyCount "89"]
[EventDate "2025.04.03"]
[EventType "swiss"]
[EventCountry "ISR"]
[SourceTitle "playchess.com"]
[Source "ChessBase"]
[SourceQuality "1"]
[TimeControl "5400+30"]

1. e4 e5 2. Nf3 Nc6 3. Bb5 a6 4. Ba4 Nf6 5. d3 b5 6. Bb3 Bc5 7. Nc3 d6 8. Nd5 Na5 9. Bg5 Nxb3 10. axb3 c6 11. Nxf6+ gxf6 12. Bh4 Rg8 13. d4 Bb6 14. Qd2 Rg6 15. O-O-O Be6 16. dxe5 dxe5 17. Qc3 Qc7 18. Bg3 c5 19. Nh4 Ba5 20. Qe3 c4 21. bxc4 Qxc4 22. b3 Qb4 23. Nxg6 fxg6 24. Rd3 Bc4 25. bxc4 bxc4 26. Rd5 Rb8 27. Kd1 Qa4 28. Qc1 c3 29. Bxe5 fxe5 30. Rxe5+ Kd7 31. Qf4 Rb1+ 32. Ke2 Qxc2+ 33. Kf3 Qd3+ 34. Kg4 Qe2+ 35. Kh3 Rb5 36. Qf7+ Kc8 37. Qe8+ Bd8 38. Qc6+ Kb8 39. Qxc3 Bc7 40. Rxb5+ axb5 41. Qf3 Qc4 42. g3 h5 43. Rb1 Ka7 44. Qb3 Qxe4 45. Qxb5 1-0

[Event "Israel Youth-ch U12 2025"]
[Site "Rishon Le Zion"]
[Date "2025.04.11"]
[Round "9.2"]
[White "Hochman, Gur"]
[Black "Cohen, Israel"]
[Result "1-0"]
[Annotator "NA"]
[ECO "A08"]
[WhiteElo "1908"]
[BlackElo "1879"]
[PlyCount "105"]
[EventDate "2025.04.03"]
[EventType "swiss"]
[EventCountry "ISR"]
[SourceTitle "playchess.com"]
[Source "ChessBase"]
[SourceQuality "1"]
[TimeControl "5400+30"]

1. e4 e6 2. d3 d5 3. Nd2 c5 4. Ngf3 Nc6 5. g3 Bd6 6. Bg2 Nf6 7. O-O O-O 8. Re1 Bc7 9. c3 h6 10. h4 Rb8 11. e5 Nd7 12. d4 f6 13. Bh3 fxe5 14. Bxe6+ Kh8 15. Bxd7 Bxd7 16. Nxe5 Qf6 17. f4 Nxe5 18. dxe5 Qg6 19. Nf1 Bc6 20. h5 Qe6 21. Ne3 d4 22. Qg4 Qxg4 23. Nxg4 dxc3 24. bxc3 Ba5 25. Bb2 Rfd8 26. Kf2 Rd2+ 27. Re2 Rbd8 28. Rae1 Bb5 29. Ne3 Bxe2 30. Rxe2 Rxe2+ 31. Kxe2 b5 32. Nf5 Bc7 33. Ba3 Re8 34. Kf3 Kh7 35. Ke4 c4 36. Kd5 g6 37. Nd6 Bxd6 38. exd6 Kg7 39. d7 Rb8 40. Bd6 Rd8 41. Ke6 a5 42. Ke7 Rxd7+ 43. Kxd7 gxh5 44. Ke6 b4 45. cxb4 axb4 46. Bxb4 Kg6 47. f5+ Kh7 48. f6 h4 49. gxh4 h5 50. f7 Kg6 51. Bc3 Kh7 52. f8=Q Kg6 53. Qg7# 1-0

[Event "Israel Youth-ch U12 2025"]
[Site "Rishon Le Zion"]
[Date "2025.04.11"]
[Round "9.3"]
[White "Jakobs, Yoav"]
[Black "Belkovsky, Guy"]
[Result "1-0"]
[Annotator "NA"]
[ECO "B27"]
[WhiteElo "1850"]
[BlackElo "2067"]
[PlyCount "151"]
[EventDate "2025.04.03"]
[EventType "swiss"]
[EventCountry "ISR"]
[SourceTitle "playchess.com"]
[Source "ChessBase"]
[SourceQuality "1"]
[TimeControl "5400+30"]

1. e4 c5 2. Nf3 g6 3. Bc4 Bg7 4. c3 e6 5. O-O Ne7 6. Re1 O-O 7. e5 d5 8. Bf1 f6 9. exf6 Bxf6 10. d4 Nbc6 11. Bh6 Re8 12. Bg5 Bxg5 13. Nxg5 Nf5 14. Nf3 Qd6 15. Na3 c4 16. Qc1 Rf8 17. b3 cxb3 18. axb3 a6 19. Qg5 Bd7 20. Nc2 Ng7 21. Ne3 Rf4 22. Ne5 Raf8 23. N3g4 Be8 24. Bd3 Nh5 25. g3 R4f6 26. Nxf6+ Nxf6 27. h4 Kg7 28. Qe3 Ne7 29. b4 Nf5 30. Bxf5 exf5 31. f3 Bb5 32. Ra2 f4 33. gxf4 Nh5 34. Ng4 Re8 35. Qd2 Qxf4 36. Rxe8 Qg3+ 37. Qg2 Bxe8 38. Qxg3 Nxg3 39. Kf2 Nf5 40. Ne3 Ne7 41. Ra5 Bb5 42. Kg3 Kf6 43. Kf4 h5 44. Ra1 Bc6 45. Rg1 Nc8 46. c4 dxc4 47. Nxc4 Ne7 48. Ne3 b6 49. Rd1 Ke6 50. Re1 Kf6 51. Ra1 Bb5 52. d5 Nc8 53. Rc1 Nd6 54. Rc3 a5 55. bxa5 bxa5 56. Rc5 a4 57. Nc2 Bd7 58. Ra5 Nf5 59. Ra6+ Kf7 60. Kg5 Ne7 61. Rf6+ Ke8 62. d6 Nd5 63. Rxg6 Kf7 64. Rh6 Kg7 65. Rg6+ Kf7 66. f4 Nc3 67. f5 Bc8 68. Kf4 Nb5 69. Ke5 a3 70. Rg1 a2 71. Nb4 Nc3 72. Ra1 Nb1 73. Rxa2 Nc3 74. Ra7+ Ke8 75. Re7+ Kf8 76. Rc7 1-0

[Event "Israel Youth-ch U12 2025"]
[Site "Rishon Le Zion"]
[Date "2025.04.11"]
[Round "9.4"]
[White "Grechin, Yan"]
[Black "Chalopoviz, Ilay"]
[Result "1-0"]
[Annotator "NA"]
[ECO "E11"]
[WhiteElo "1693"]
[BlackElo "1633"]
[PlyCount "75"]
[EventDate "2025.04.03"]
[EventType "swiss"]
[EventCountry "ISR"]
[SourceTitle "playchess.com"]
[Source "ChessBase"]
[SourceQuality "1"]
[TimeControl "5400+30"]

1. c4 e6 2. Nf3 d5 3. d4 Nf6 4. g3 Bb4+ 5. Bd2 a5 6. Bg2 O-O 7. O-O dxc4 8. Qc2 Bxd2 9. Nbxd2 b5 10. b3 cxb3 11. axb3 Bb7 12. Rfc1 Nc6 13. Ne4 Nd5 14. Nc5 Ncb4 15. Qd2 Bc6 16. Ne5 Be8 17. e4 Nb6 18. Nb7 Qe7 19. Rxa5 Rxa5 20. Nxa5 f6 21. Nd3 Nxd3 22. Qxd3 Qa3 23. Qc3 b4 24. Nc4 Nxc4 25. Qxc4 Bd7 26. Bh3 Kh8 27. Qxc7 h6 28. Re1 Rf7 29. Qc4 Re7 30. Qd3 Ba4 31. Rb1 Kg8 32. Qa6 Qa2 33. Bxe6+ Kh8 34. Rc1 Qb2 35. Rc8+ Kh7 36. Bf5+ g6 37. Qxf6 Rg7 38. Bxg6+ 1-0